 Dungeon Crawl Stone Soup version 0.31-a0-161-gb58dd9be76 (webtiles) character file.

Game seed: 9844585581589831952

373 qw the Shooter (level 6, -1/40 HPs)
             Began as a Gargoyle Hunter on June 12, 2023.
             Slain by Pikel
             ... wielding a +2 whip of freezing
              (11 damage)
             ... on level 4 of the Dungeon.
             The game lasted 00:01:05 (2679 turns).

qw the Shooter (Gargoyle Hunter)                    Turns: 2679, Time: 00:01:06

Health: -1/40      AC:  9    Str: 15    XL:     6   Next: 72%
Magic:  6/6        EV: 11    Int:  9    God:
Gold:   255        SH:  0    Dex: 15    Spells: 5/5 levels left

rFire   . . .        Y - +2 shortbow
rCold   . . .        (shield currently unavailable)
rNeg    + . .        h - +0 ring mail
rPois   inf          (no helmet)
rElec   +            (no cloak)
rCorr   .            (no gloves)
SInv    .            (no boots)
Will    .....        (no amulet)
Stlth   +            (no ring)
HPRegen 0.26/turn    (no ring)
MPRegen 0.10/turn

%: no passive effects
@: no status effects
A: sickness immunity, AC +4, negative energy resistance 1, electricity
resistance, torment resistance 1, petrification resistance
a: no special abilities


You were on level 4 of the Dungeon.
You visited 1 branch of the dungeon, and saw 4 of its levels.

You collected 255 gold pieces.


Innate Abilities, Weirdness & Mutations

You are immune to sickness and miasma.
Your stone body is resilient. (AC +4)
You are immune to poison.
You resist negative energy. (rN+)
You are resistant to electric shocks. (rElec)
You are resistant to unholy torment.
You are immune to petrification.


   Skills:
 - Level 5.5 Fighting
 + Level 6.0 Ranged Weapons
 - Level 1.0 Armour
 - Level 1.5 Dodging
 - Level 1.1 Stealth


You had 5 spell levels left.
You didn't know any spells.
Your spell library was empty.

Inventory:

Hand Weapons
 Y - a +2 shortbow (weapon)
Armour
 h - a +0 ring mail (worn)
Jewellery
 f - a ring of ice
Potions
 a - a potion of curing {unknown}
 b - a potion of cancellation
 c - a potion of might
 d - a potion of magic {unknown}
 g - a potion of haste {unknown}
 i - a potion of enlightenment {unknown}
 j - 2 potions of attraction

Dungeon Overview and Level Annotations

Branches:
Dungeon (4/15)
 Temple: D:4-7

Altars:
Makhleb
Zin

Annotations:
D:4 Pikel


Message History

The lemure is moderately wounded.
The adder closely misses you. The adder barely misses you.
The lemure barely misses you.
You shoot an arrow. The arrow hits the lemure.
The lemure is heavily wounded.
Your surroundings suddenly seem different.
A hobgoblin zombie comes into view.
Enter note:
Enter note: You shoot an arrow.
The arrow hits the hobgoblin zombie!
The hobgoblin zombie is almost destroyed.
You shoot an arrow. The arrow hits the hobgoblin zombie!
You destroy the hobgoblin zombie!
You start resting.
A ball python comes into view.
You shoot an arrow. The ball python hisses angrily.
The arrow hits the ball python!
You kill the ball python!
You hear an angry hiss.
You start resting.
Pikel, Merchant of Souls comes into view.
He is wielding a +2 whip of freezing.
You shoot an arrow.
Pikel shouts!
The arrow hits Pikel but does no damage.
You hear a shout!
You shoot an arrow. The arrow hits Pikel!
Pikel is moderately wounded.
Pikel hits you but does no damage.
You shoot an arrow. The arrow closely misses Pikel.
Pikel closely misses you.
You shoot an arrow. The arrow hits Pikel!
Pikel is heavily wounded.
Pikel hits you but does no damage.
Pikel hits you with a +2 whip of freezing.
Pikel freezes you.
You shoot an arrow. The arrow closely misses Pikel.
The lemure hits you.
Pikel hits you with a +2 whip of freezing!
You die...

# #.###
##...##
%.#..#
....#
...#
#K.#
#@.#
#5.#
#..#
.......
...#
.......
#..#
.......
#..#
.......
#..#
.......
#..#
.......


You could see Pikel and a lemure.

Vanquished Creatures
  Grinder (D:4)
  2 lemures (D:4)
  A jelly (D:4)
  An orc priest (D:4)
  An iguana (D:3)
  3 adders
  3 worms
  9 orcs
  5 ball pythons
  6 bats
  3 endoplasms
  3 giant cockroaches
  6 goblins
  2 hobgoblins
  7 kobolds
  2 quokkas
  3 frilled lizards
  A hobgoblin zombie (D:4)
  3 rats (D:2)
62 creatures vanquished.

Notes
Turn   | Place    | Note
-------+----------+-------------------------------------------
     0 | D:1      | qw the Gargoyle Hunter began the quest for the Orb.
     0 | D:1      | Reached XP level 1. HP: 12/12 MP: 1/1
     0 | D:1      | 0 ||| qw: Version: 0.2-a-29-gc1b59c4
     0 | D:1      | 0 ||| qw: Game counter: 4215
     0 | D:1      | 0 ||| qw: Always use a shield: true
     0 | D:1      | 0 ||| qw: God list: Okawaru
     0 | D:1      | 0 ||| qw: Allow faded altars: false
     0 | D:1      | 0 ||| qw: Do Orc after D:15 true
     0 | D:1      | 0 ||| qw: Do second Lair branch before Depths: true
     0 | D:1      | 0 ||| qw: Lair rune preference: random
     0 | D:1      | 0 ||| qw: Plans: Normal, Zot:1-4, Slime:5, God:TSO, Crypt,
                  | Tomb, Abyss, Pan, Hells, Win
     0 | D:1      | 0 ||| PLANNING D:1-11
   271 | D:1      | Reached XP level 2. HP: 17/17 MP: 2/2
   594 | D:1      | 594 ||| DROPPING scarf of shadows.
   595 | D:1      | 595 ||| UPGRADING to +0 ring mail.
   605 | D:1      | 605 ||| DROPPING +0 leather armour.
   606 | D:1      | 606 ||| READING scroll labelled NEURAM GECA.
   607 | D:1      | 607 ||| READING scroll labelled IWNIERA QUCA.
   608 | D:1      | 608 ||| DRINKING 2 fizzy silvery potions.
   609 | D:1      | 609 ||| DROPPING scroll of butterflies.
   610 | D:1      | 610 ||| DROPPING potion of brilliance.
   629 | D:2      | Found a burning altar of Makhleb.
   730 | D:2      | Reached skill level 1 in Armour
   730 | D:2      | Reached XP level 3. HP: 21/21 MP: 3/3
   885 | D:2      | Reached skill level 5 in Ranged Weapons
   938 | D:2      | 938 ||| READING scroll of enchant weapon.
   938 | D:2      | 938 ||| ENCHANTING +1 shortbow.
  1287 | D:2      | 1287 ||| READING scroll labelled EXENUDUQUCH.
  1292 | D:2      | 1292 ||| READING scroll labelled NUACSU ZOUDOOMM.
  1293 | D:2      | 1293 ||| READING scroll labelled FAGGECL WUIRPH.
  1308 | D:2      | 1308 ||| DRINKING 2 amethyst potions.
  1309 | D:2      | 1309 ||| DRINKING 2 golden potions.
  1310 | D:2      | 1310 ||| DRINKING 2 white potions.
  1350 | D:3      | Found a glowing silver altar of Zin.
  1450 | D:3      | Reached skill level 3 in Fighting
  1450 | D:3      | Reached XP level 4. HP: 28/28 MP: 4/4
  1713 | D:3      | You fall into a shaft and drop 1 floor!
  1719 | D:4      | 1719 ||| READING scroll labelled YRHEOSH WATZAJ.
  1720 | D:4      | 1720 ||| READING scroll labelled CETUSU GEUFOE.
  1721 | D:4      | 1721 ||| DRINKING 2 sedimented dark potions.
  1725 | D:4      | 1725 ||| FLEEEEING.
  1726 | D:4      | 1726 ||| STAIRDANCE
  2121 | D:3      | 2121 ||| READING scroll labelled BAATUN TUINT.
  2122 | D:3      | 2122 ||| READING scroll labelled DANNEL HIUBOI.
  2258 | D:4      | 2258 ||| STAIRDANCE
  2335 | D:4      | 2335 ||| STAIRDANCE
  2335 | D:4      | HP: 7/28 [iguana (11)]
  2337 | D:3      | 2337 ||| READING 2 scrolls of teleportation.
  2338 | D:3      | 2338 ||| DRINKING potion of heal wounds.
  2400 | D:4      | Reached XP level 5. HP: 32/32 MP: 5/5
  2402 | D:4      | Reached skill level 6 in Ranged Weapons
  2440 | D:4      | 2440 ||| FLEEEEING.
  2441 | D:4      | 2441 ||| FLEEEEING.
  2442 | D:4      | 2442 ||| FLEEEEING.
  2443 | D:4      | 2443 ||| FLEEEEING.
  2446 | D:4      | 2446 ||| FLEEEEING.
  2447 | D:4      | 2447 ||| FLEEEEING.
  2448 | D:4      | 2448 ||| FLEEEEING.
  2449 | D:4      | 2449 ||| FLEEEEING.
  2455 | D:4      | 2455 ||| FLEEEEING.
  2456 | D:4      | 2456 ||| STAIRDANCE
  2586 | D:4      | Noticed Grinder
  2601 | D:4      | Killed Grinder
  2602 | D:4      | Reached XP level 6. HP: 40/40 MP: 6/6
  2640 | D:4      | HP: 6/40 [lemure[Pikel] (6)]
  2641 | D:4      | 2641 ||| READING scroll of teleportation.
  2674 | D:4      | Noticed Pikel
  2679 | D:4      | HP: 10/40 [lemure[Pikel] (2)]
  2679 | D:4      | Slain by Pikel

Levels and vault maps discovered:
D:1:      minmay_arrival_solitary_statue, layout_basic, kennysheep_boxes
D:2:      layout_loops_ring, basic_altar
D:3:      layout_basic, mainiacjoe_overflow_alcove_1
D:4:      layout_basic, nicolae_tso_besieged_by_evil,
          minmay_temple_entry_proselytizer, uniq_sigmund, uniq_grinder,
          uniq_pikel, uniq_blork_the_orc

Skill      XL: |  1  2  3  4  5 |
---------------+----------------+-----
Armour         | 1 |  1.0
Ranged Weapons | 5 6 |  6.0
Fighting       | 3 5 |  5.5
Dodging        | |  1.5
Stealth        | |  1.1

Action                     |  1- 3 |  4- 6 || total
---------------------------+-------+-------++-------
   Fire: Shortbow          |   100 |   133 ||   233
    Use: Scroll            |     6 |     6 ||    12
         Potion            |     4 |     2 ||     6
 Armour: Leather armour    |     6 |       ||     6
         Ring mail         |    13 |    39 ||    52
         Skin              |       |     2 ||     2
  Dodge: Dodged            |    28 |    50 ||    78

Table legend:
 A = Non-vault XP
 B = Vault XP
 C = Vault XP percentage of total XP
 D = Non-vault monster count
 E = Vault monster count
 F = Vault count percentage of total count
                 A         B        C        D         E       F
            +---------+---------+-------+---------+---------+-------
      Total |     225 |     309 |  57.9 |      57 |       3 |   5.0
            +---------+---------+-------+---------+---------+-------
        D:1 |      25 |       0 |   0.0 |      14 |       0 |   0.0
        D:2 |      50 |       0 |   0.0 |      16 |       0 |   0.0
        D:3 |      86 |       0 |   0.0 |      21 |       0 |   0.0
        D:4 |      64 |     309 |  82.8 |       6 |       3 |  33.3
            +---------+---------+-------+---------+---------+-------
